 Dungeon Crawl Stone Soup version 0.21-a0-531-gacddea6 (webtiles) character file.

37 Gerstahl the Skirmisher (level 3, 6/29 HPs)
             Began as a Demonspawn Monk on Dec 12, 2017.
             Quit the game on level 2 of the Dungeon.
             The game lasted 00:01:39 (1034 turns).

Gerstahl the Skirmisher (Demonspawn Monk)           Turns: 1034, Time: 00:01:40

Health: 6/29       AC:  4    Str: 11    XL:     3   Next: 21%
Magic:  3/3        EV: 13    Int: 11    God:
Gold:   96         SH:  0    Dex: 16    Spells: 2/2 levels left

rFire    . . .     SeeInvis .   a - +0 falchion
rCold    . . .     Gourm    .   (no shield)
rNeg     . . .     Faith    .   b - +0 robe
rPois    .         Spirit   .   (no helmet)
rElec    .         Reflect  .   (no cloak)
rCorr    .         Harm     .   (no gloves)
MR       .....                  (no boots)
Stlth    +++.......             (no amulet)
HPRegen  0.09/turn              (no ring)
MPRegen  0.08/turn              (no ring)

@: quite poisoned (6 -> 3)
A: iridescent scales 1, nightstalker 1
a: no special abilities


You were on level 2 of the Dungeon.
You were hungry.

You visited 1 branch of the dungeon, and saw 2 of its levels.

You collected 96 gold pieces.

Inventory:

Hand Weapons
 a - a +0 falchion (weapon)
Armour
 b - a +0 robe (worn)
Scrolls
 e - a scroll of amnesia {unknown}
 g - 2 scrolls of teleportation {unknown}
 i - 3 scrolls of identify {unknown}
 j - a scroll of enchant weapon {unknown}
 m - a scroll of remove curse {unknown}
Potions
 d - a potion of berserk rage {unknown}
 h - a potion of heal wounds {unknown}
 k - a potion of degeneration {unknown}
 l - a potion of brilliance {unknown}
 n - a potion of flight {unknown}
Comestibles
 c - 4 bread rations
 f - 2 meat rations


   Skills:
 + Level 3.6 Fighting
 + Level 3.2 Long Blades
 - Level 3.0 Dodging
 - Level 1.7 Stealth


You had 2 spell levels left.
You didn't know any spells.

Dungeon Overview and Level Annotations

Branches:
Dungeon (2/15)

Altars:


Innate Abilities, Weirdness & Mutations

You are partially covered in iridescent scales. (AC +2)
You are slightly more attuned to the shadows.


Message History

The adder is severely wounded.
The adder barely misses you. x2
You miss the adder.
The adder is severely wounded.
You feel sick. The adder bites you.
* * * LOW HITPOINT WARNING * * *
The adder bites you.
* * * LOW HITPOINT WARNING * * *
You hit the adder.
The adder is almost dead.
The adder misses you.
You hit the adder.
You kill the adder!
You have reached level 3!
Your experience leads to an increase in your attributes!
Increase (S)trength, (I)ntelligence, or (D)exterity?
You feel agile.
Your demonic ancestry asserts itself...
You slip into the darkness of the dungeon.
You feel sick.
Are you sure you want to abandon this character and quit the game? (Confirm with "yes".)

#.[...... ...
#........ ...
########. ... #.
#.# #. #.# #.
#r# #. #g# #.
#@# #. #.# #.
########.######
##
#...............
#.######.#######
#.# #.# #.# #.#
####### #.# #.#
#...... #.# #.#
#.#####


You could see a hobgoblin and a rat.

Vanquished Creatures
  An adder (D:2)
  A dart slug (D:1)
  2 giant cockroaches (D:1)
  4 goblins
  2 hobgoblins (D:1)
  A ball python (D:1)
  6 bats (D:1)
  3 frilled lizards
  4 kobolds (D:1)
  3 rats (D:1)
27 creatures vanquished.

Notes
Turn   | Place    | Note
-------+----------+-------------------------------------------
     0 | D:1      | Gerstahl the Demonspawn Monk began the quest for the Orb.
     0 | D:1      | Reached XP level 1. HP: 18/18 MP: 1/1
   146 | D:1      | Gained mutation: You are partially covered in iridescent scales. (AC +2) [demonic ancestry]
   146 | D:1      | Reached XP level 2. HP: 19/24 MP: 2/2
   820 | D:2      | Noticed Terence
  1033 | D:2      | Gained mutation: You are slightly more attuned to the shadows. [demonic ancestry]
  1033 | D:2      | Reached XP level 3. HP: 7/29 MP: 3/3
  1034 | D:2      | Quit the game

Vault maps used:
D:1:      lordsloth_arrival_two_stooges, minmay_tall_x
D:2:      uniq_sigmund, uniq_terence

Skill      XL: |  1  2 |
---------------+-------+-----
Long Blades    | 3 |  3.2
Dodging        | 3 |  3.0
Fighting       | |  3.6
Stealth        | |  1.7

Action                   || total
-------------------------++-------
Melee: Falchion          ||    91
 Stab: Sleeping          ||     4
Armor: Robe              ||    20
Dodge: Dodged            ||    70
       Rpst.: Falchion   ||    16

Table legend:
 A = Spawn XP
 B = Non-spawn XP
 C = Spawn XP percentage of total XP
 D = Spawn monster count
 E = Non-spawn monster count
 F = Spawn count percentage of total count
 G = Total turns spent on level
                    A         B        C        D         E        F      G
               +---------+---------+-------+---------+---------+-------+---------
         Total |       0 |      53 |   0.0 |       0 |      27 |   0.0 |  1034
               +---------+---------+-------+---------+---------+-------+---------
           D:1 |       0 |      37 |   0.0 |       0 |      24 |   0.0 |   778
           D:2 |       0 |      16 |   0.0 |       0 |       3 |   0.0 |   256
               +---------+---------+-------+---------+---------+-------+---------
